 Dungeon Crawl Stone Soup version 0.19.5 (webtiles) character file.

63609 Gargoyl the Cleaver (level 15, -1/128 HPs)
             Began as a Ghoul Abyssal Knight on May 18, 2017.
             Was the Champion of Lugonu.
             Slain by a molten gargoyle
             ... wielding a +0 morningstar
              (13 damage)
             ... on level 14 of the Dungeon on May 20, 2017.
             The game lasted 00:52:49 (18969 turns).

Gargoyl the Cleaver (Ghoul Abyssal Knight)         Turns: 18969, Time: 00:52:49

Health: -1/128     AC: 37    Str: 19    XL:     15   Next: 10%
Magic:  16/23      EV: 19    Int:  7    God:    Lugonu [******]
Gold:   1296       SH:  0    Dex: 12    Spells: 0 memorised, 14 levels left

rFire  . . .     SeeInvis .     F - +1 hand axe (venom)
rCold  + . .     Gourm    .     f - +7 storm dragon scales
rNeg   + + +     Faith    .     (no shield)
rPois  ∞         Spirit   .     s - +2 helmet
rElec  +         Reflect  .     u - +2 cloak
rCorr  .         Harm     .     O - +2 pair of gloves
MR     ++++.     Clarity  +     h - +2 pair of boots
Stlth  ..........               I - amulet of the Four Winds {rN+ MR+++ Clar}
                                R - +4 ring of evasion
                                G - +5 ring of evasion

@: rotting
A: rotting body, claws 1, carnivore 3, cold resistance 1, negative energy
resistance 3, slow regeneration 1, torment resistance, unbreathing
a: Depart the Abyss, Bend Space, Banish, Corrupt, Enter the Abyss, Brand Weapon
With Distortion, Renounce Religion


You were on level 14 of the Dungeon.
You worshipped Lugonu.
Lugonu was exalted by your worship.
You were not hungry.

You visited 2 branches of the dungeon, and saw 20 of its levels.
You visited the Abyss 1 time.
You also visited: Sewer.

You collected 1966 gold pieces.
You spent 670 gold pieces at shops.

Inventory:

Hand Weapons
 e - a +2 trident of venom
 r - a +0 war axe of chopping
 F - a +1 hand axe of venom (weapon)
 K - a +2 trident of flaming
 T - a +1 hand axe of flaming
Missiles
 B - 13 tomahawks (quivered)
Armour
 f - +7 storm dragon scales (worn)
 h - a +2 pair of boots (worn)
 s - a +2 helmet (worn)
 u - a +2 cloak (worn)
 O - a +2 pair of gloves (worn)
Jewellery
 d - an uncursed ring of resist corrosion
 G - a +5 ring of evasion (left hand)
 I - the amulet of the Four Winds (around neck) {rN+ MR+++ Clar}
   (You bought it in a shop on level 6 of the Dungeon)

   [amulet of nothing]

   It protects you from negative energy.
   It affects your resistance to hostile enchantments.
   It protects you against confusion.
 R - a +4 ring of evasion (right hand)
 S - a +4 ring of strength {unknown}
Wands
 k - a wand of iceblast (4/15)
 q - a wand of lightning (12/15)
 y - a wand of confusion (27/48)
 H - a wand of random effects (28/48)
 M - a wand of enslavement (12/24)
 P - a wand of paralysis (5/24)
 Q - a wand of lightning (11/15)
Scrolls
 b - 5 scrolls of teleportation
 m - 8 scrolls of remove curse
 t - a scroll of recharging
 w - 3 scrolls of identify
 A - 3 scrolls of magic mapping
 C - 2 scrolls of amnesia
 D - a scroll of fog
Potions
 g - 7 potions of flight
 i - 3 potions of magic
 j - 4 potions of might
 n - 4 potions of brilliance
 o - 5 potions of curing
 v - 4 potions of agility
 z - 2 potions of invisibility
 J - 2 potions of heal wounds
 L - a potion of haste
Books
 E - a book of Maledictions

   Spells                             Type                      Level
   a - Corona                         Hexes                        1
   b - Ensorcelled Hibernation        Hexes/Ice                    2
   c - Confuse                        Hexes                        3
   d - Tukima's Dance                 Hexes                        3
   e - Dazzling Spray                 Conjuration/Hexes            3
Comestibles
 a - 19 chunks of flesh
 c - 5 meat rations
 l - 11 slices of pizza
 p - 6 beef jerkies
 x - a royal jelly


   Skills:
 + Level 10.8 Fighting
 + Level 13.7 Axes
 + Level 0.5 Throwing
 * Level 12.6 Armour
 + Level 5.9 Dodging
 * Level 13.2 Invocations


You had 14 spell levels left.
You didn't know any spells.

Dungeon Overview and Level Annotations

Branches:
Dungeon (14/15)            Temple (0/1) D:6            Lair (6/6) D:10
  Swamp (0/4) Lair:4       Spider (0/4) Lair:4        Slime (0/5) Lair:6
    Orc (0/2) D:9          Vaults (0/5) D:14

Altars:
Ashenzari
Cheibriados
Fedhas
Gozag
Kikubaaqudgha
Makhleb
Okawaru
Qazlal
Trog
Uskayaw
Xom
Zin
The Shining One
Jiyva

Shops:
D:2 *   D:6 =   D:7 :   D:8 ((   D:9 [   D:10 ?   D:14 *

Annotations:
D:13 Frances
Lair:2 exclusion: oklob plant
Lair:5 Snorg
Abyss:1 Rupert


Innate Abilities, Weirdness & Mutations

Your body is rotting away.
You thrive on raw meat.
You are immune to poison.
You have sharp fingernails.
You are carnivorous and can eat meat at any time.
Your flesh is cold resistant. (rC+)
You are immune to negative energy. (rN+++)
You regenerate slowly when monsters are visible.
You are immune to unholy pain and torment.
You can survive without breathing.


Message History

The molten gargoyle is severely damaged.
The molten gargoyle blasts magma at you!
The bolt of magma misses you.
You hit the molten gargoyle but do no damage.
The molten gargoyle is severely damaged.
The molten gargoyle blasts magma at you!
The bolt of magma misses you.
You hit the molten gargoyle.
The molten gargoyle is severely damaged.
The molten gargoyle blasts magma at you!
The bolt of magma hits you!
* * * LOW HITPOINT WARNING * * *
The lava snake spits lava at you. The glob of lava misses you.
Things that are here:
a yak corpse x2
The molten gargoyle hits you with a morningstar.
* * * LOW HITPOINT WARNING * * *
You are engulfed in flames!
You die...

8§§≈.#..........
≈≈§.#...........
SS..#..........
..#...........
#.#..........
#.#.#..††.......
.......§§# ######†9# #@†#
# #..# .# #..# ###.# #..#
....############..#######
.........................
.........................
##########...############
# #...#


You could see a molten gargoyle and a lava snake.

Vanquished Creatures
  Azrael (D:13)
  Nessos (Lair:5)
  A fire dragon (Lair:6)
  Fannar (D:10)
  Josephine (D:12)
  A hydra (D:13)
  4 vault guards (D:14)
  3 centaur warriors (D:14)
  4 death yaks (Lair:6)
  An unseen horror (D:11)
  Pikel (D:8)
  An ugly thing (D:14)
  2 hill giants
  2 cyclopes (D:13)
  A manticore (D:11)
  9 elephants
  Joseph (D:7)
  A black mamba (shapeshifter) (D:13)
  3 black mambas
  A gargoyle (D:13)
  2 centaur zombies (D:14)
  6 torpor snails (Lair:6)
  11 spiny frogs
  5 komodo dragons
  An efreet (D:14)
  4 tyrant leeches (Lair:6)
  Grinder (D:5)
  A two-headed ogre (D:11)
  4 trolls
  16 blink frogs
  11 hornets
  10 hippogriffs
  6 dream sheep
  5 wraiths
  46 yaks
  A vampire (D:11)
  2 wyverns
  2 hungry ghosts
  The ghost of CALLOUS the Charlatan, an amateur DDTm (D:4)
  2 fire elementals (D:13)
  3 basilisks
  Menkaure (D:5)
  8 vampire mosquitoes
  5 swamp worms (Lair:1)
  9 water moccasins
  10 porcupines
  3 slaves (D:8)
  6 orc warriors
  3 ice beasts
  An eye of draining (D:11)
  A phantom (D:5)
  A sky beast (D:11)
  A necrophage (D:9)
  6 ogres
  4 wolves (Lair:2)
  24 crocodiles
  12 centaurs
  4 big kobolds
  14 bullfrogs
  A gnoll sergeant (D:7)
  2 wyvern zombies
  5 scorpions
  3 killer bees (D:8)
  2 howler monkeys (D:8)
  4 electric eels
  6 crimson imps
  A bullfrog zombie (D:6)
  4 jellies
  2 centaur skeletons
  6 hounds
  A quasit (D:9)
  11 orc priests
  Jessica (D:2)
  A bullfrog skeleton (D:11)
  12 iguanas
  14 orc wizards
  7 worker ants
  A hound zombie (D:11)
  A worker ant zombie (D:10)
  7 gnolls
  11 adders
  3 river rats (D:10)
  3 shadow imps
  An ooze (Sewer)
  15 worms
  3 dart slugs
  10 leopard geckos
  81 orcs
  6 ball pythons
  2 bat zombies (D:3)
  4 giant cockroaches
  5 goblins
  7 hobgoblins
  13 jackals
  4 quokkas
  13 bats
  16 frilled lizards
  A jackal skeleton (D:6)
  26 kobolds
  A leopard gecko skeleton (D:8)
  A quokka skeleton (D:7)
  9 rats
  A bush (Lair:2)
  7 fungi
  6 plants
634 creatures vanquished.

Vanquished Creatures (collateral kills)
  4 elephants (Lair:2)
  2 fire elementals (D:13)
  2 vampire mosquitoes (D:13)
  A hell hound (D:13)
  A fungus (Lair:2)
10 creatures vanquished.

Vanquished Creatures (others)
  6 hydras
  A tengu warrior (D:14)
  A harpy (shapeshifter) (D:14)
  A lindwurm (Lair:6)
  An orb spider (Lair:4)
  A molten gargoyle (D:14)
  A hell hound (D:13)
  A worker ant (D:12)
  An orc wizard (D:14)
  An orc (D:14)
  15 plants
30 creatures vanquished.

Grand Total: 674 creatures vanquished

Notes
Turn   | Place    | Note
-------+----------+-------------------------------------------
     0 | Abyss:1  | Gargoyl the Ghoul Abyssal Knight began the quest for the Orb.
     0 | Abyss:1  | Reached XP level 1. HP: 19/19 MP: 1/1
    82 | Abyss:2  | Noticed a large abomination
    97 | Abyss:2  | Found a corrupted altar of Lugonu.
   144 | Abyss:2  | Noticed a large abomination
   154 | Abyss:2  | Noticed a raiju
   156 | D:1      | Escaped the Abyss
   210 | D:1      | Reached skill level 1 in Dodging
   326 | D:1      | Reached XP level 2. HP: 26/26 MP: 2/2
   687 | D:1      | Reached * piety under Lugonu
  1034 | D:2      | Reached XP level 3. HP: 29/33 MP: 3/3
  1105 | D:2      | Noticed Jessica
  1111 | D:2      | Killed Jessica
  1248 | D:2      | Found Zin's Purification Station.
  1250 | D:2      | Found a glowing silver altar of Zin.
  1273 | D:2      | Reached XP level 4. HP: 40/40 MP: 4/4
  1940 | D:3      | Reached XP level 5. HP: 45/46 MP: 6/6
  1985 | D:3      | Found a shimmering altar of Xom.
  2196 | D:3      | Found a burning altar of Makhleb.
  2196 | D:3      | Noticed a balrug
  2288 | D:3      | Found a glowing drain.
  2311 | Sewer    | Entered a sewer
  2317 | Sewer    | Reached ** piety under Lugonu
  2871 | D:3      | Found an ancient bone altar of Kikubaaqudgha.
  3018 | D:4      | Reached XP level 6. HP: 50/52 MP: 7/7
  3059 | D:4      | Found a stormy altar of Qazlal.
  3138 | D:4      | Noticed CALLOUS's ghost (amateur DDTm)
  3190 | D:4      | Killed CALLOUS's ghost
  3190 | D:4      | Reached XP level 7. HP: 51/60 MP: 8/8
  3237 | D:4      | Found a bloodstained altar of Trog.
  3942 | D:5      | Entered Level 5 of the Dungeon
  3979 | D:5      | Found a snail-covered altar of Cheibriados.
  4065 | D:5      | Found a glowing golden altar of the Shining One.
  4149 | D:5      | Reached *** piety under Lugonu
  4276 | D:5      | Noticed Grinder
  4283 | D:5      | Paralysed by Grinder for 3 turns
  4293 | D:5      | Killed Grinder
  4293 | D:5      | Reached skill level 5 in Axes
  4293 | D:5      | Reached XP level 8. HP: 62/67 MP: 10/10
  4375 | D:5      | Noticed Menkaure
  4386 | D:5      | Killed Menkaure
  4405 | D:5      | Found a hide-covered altar of Uskayaw.
  4409 | D:5      | Found a shattered altar of Ashenzari.
  4414 | D:5      | Found an opulent altar of Gozag.
  4486 | D:5      | Reached skill level 5 in Armour
  4842 | D:6      | Reached skill level 5 in Invocations
  4912 | D:6      | Found Kazxelih's Jewellery Boutique.
  4918 | D:6      | Reached skill level 5 in Fighting
  4993 | D:6      | Reached XP level 9. HP: 73/73 MP: 10/12
  5035 | D:6      | Reached **** piety under Lugonu
  5234 | D:6      | Found a staircase to the Ecumenical Temple.
  5483 | D:7      | Found Ecvetuv's Book Shop.
  5490 | D:7      | Noticed Joseph
  5542 | D:7      | Killed Joseph
  5797 | D:7      | Found an iron altar of Okawaru.
  6059 | D:8      | Found Foamonk's Antique Weapon Shoppe.
  6063 | D:8      | Found Bamehin's Antique Weapon Shop.
  6289 | D:8      | Noticed Pikel
  6322 | D:8      | Killed Pikel
  6322 | D:8      | Reached XP level 10. HP: 74/83 MP: 12/14
  6894 | D:6      | Bought the amulet of the Four Winds {rN+ MR+++ Clar} for 388 gold pieces
  7003 | D:9      | Reached ***** piety under Lugonu
  7026 | D:9      | Found Dinailan's Antique Armour Boutique.
  7174 | D:9      | Found a staircase to the Orcish Mines.
  7630 | D:10     | Entered Level 10 of the Dungeon
  7636 | D:10     | Noticed Fannar
  7667 | D:10     | Killed Fannar
  7667 | D:10     | Reached skill level 10 in Axes
  7667 | D:10     | Reached XP level 11. HP: 65/91 MP: 15/15
  7795 | D:10     | Found a staircase to the Lair.
  7919 | D:10     | Found Piypo's Magic Scroll Shop.
  7932 | D:10     | Bought a scroll of enchant armour for 82 gold pieces
  7946 | Lair:1   | Entered Level 1 of the Lair of Beasts
  8301 | Lair:1   | HP: 4/92 [swamp worm (16)]
  8444 | Lair:1   | Noticed a six-headed hydra
  8450 | Lair:1   | Banished a six-headed hydra
  8783 | Lair:2   | Noticed a five-headed hydra
  8788 | Lair:1   | Banished a five-headed hydra
  8966 | Lair:2   | Reached XP level 12. HP: 101/101 MP: 18/18
  9036 | Lair:2   | Reached ****** piety under Lugonu
  9285 | Lair:2   | Found a blossoming altar of Fedhas.
  9456 | Lair:2   | Identified the Almanac of Evil Arts and the Compass
 10787 | Lair:4   | Reached skill level 10 in Invocations
 11001 | Lair:4   | Found a hole to the Spider Nest.
 11032 | Lair:4   | Found a staircase to the Swamp.
 11033 | Lair:4   | Noticed a seven-headed hydra
 11036 | Lair:4   | Banished a seven-headed hydra
 11326 | Lair:4   | Reached skill level 10 in Armour
 11756 | Lair:4   | Reached XP level 13. HP: 110/110 MP: 19/19
 12155 | Lair:5   | Noticed Rupert
 12166 | Lair:5   | Banished Rupert
 12170 | Lair:5   | Identified a scroll of acquirement
 12265 | Lair:5   | Noticed Nessos
 12312 | Lair:5   | Killed Nessos
 13003 | Lair:6   | Entered Level 6 of the Lair of Beasts
 13003 | Lair:6   | Noticed Snorg
 13144 | Lair:6   | HP: 2/111 [death yak (13)]
 13823 | Lair:6   | Found a viscous altar of Jiyva.
 13824 | Lair:6   | Found a staircase to the Slime Pits.
 13983 | Lair:6   | Found a runed door.
 14486 | Lair:6   | Reached skill level 5 in Dodging
 14486 | Lair:6   | Reached XP level 14. HP: 88/119 MP: 22/22
 15791 | D:11     | Reached skill level 10 in Fighting
 16254 | D:12     | Noticed Josephine
 16391 | D:12     | Killed Josephine
 17098 | D:13     | Noticed Frances
 17129 | D:13     | Noticed Azrael
 17231 | D:13     | HP: 5/121 [fire elemental[Azrael] (9)]
 17265 | D:13     | Killed Azrael
 18484 | D:14     | Found Isostreaff's Assorted Antiques.
 18494 | D:14     | Bought a potion of heal wounds for 100 gold pieces
 18494 | D:14     | Bought a potion of heal wounds for 100 gold pieces
 18618 | D:14     | Found a gate to the Vaults.
 18686 | D:14     | Reached XP level 15. HP: 58/128 MP: 23/23
 18969 | D:14     | Slain by a molten gargoyle

Skill      XL: |  1  2  3  4  5  6  7  8  9 10 11 12 13 14 |
---------------+-------------------------------------------+-----
Dodging        | 1 2 3 4 5 |  5.9
Axes           | 2 3 5 6 8 10 11 12 13 | 13.7
Armour         | 2 3 4 5 6 7 9 10 11 12 | 12.6
Fighting       | 4 5 6 8 9 10 | 10.8
Invocations    | 3 4 5 6 7 9 10 12 13 | 13.2
Throwing       | |  0.5

Action                   |  1- 3 |  4- 6 |  7- 9 | 10-12 | 13-15 || total
-------------------------+-------+-------+-------+-------+-------++-------
Melee: Hand axe          |   102 |   285 |    66 |   846 |  1599 ||  2898
       War axe           |       |       |   541 |   113 |    15 ||   669
Throw: Tomahawk          |       |       |       |       |     5 ||     5
Invok: Depart the Abyss  |     1 |       |       |       |       ||     1
       Banish            |       |       |       |     4 |    19 ||    23
       Bend Space        |       |       |       |       |     1 ||     1
  Use: Scroll            |     7 |     5 |     6 |    19 |    10 ||    47
       Potion            |       |       |       |     1 |     9 ||    10
  Eat: Chunk             |    11 |    18 |    50 |   166 |   180 ||   425
       Meat ration       |       |       |       |     1 |     2 ||     3
Armor: Storm dragon scal |    82 |   324 |   553 |   656 |   754 ||  2369
Dodge: Dodged            |    44 |   152 |   256 |   786 |  1413 ||  2651
